 Dungeon Crawl Stone Soup version 0.30.1-11-g7821555f0a (webtiles) character file.

Game seed: 2054367404853429109

3432 Mocha4448 the Severer (level 9, -1/106 HPs)
             Began as a Minotaur Berserker on Dec 8, 2023.
             Was a Priest of Trog.
             Slain by a killer bee (3 damage)
             ... on level 8 of the Dungeon.
             The game lasted 00:18:27 (6888 turns).

Mocha4448 the Severer (Minotaur Berserker)          Turns: 6888, Time: 00:18:28

Health: -1/106     AC:  7    Str: 25    XL:     9   Next: 77%
Magic:  8/8        EV: 10    Int:  4    God:    Trog [***...]
Gold:   423        SH:  0    Dex: 11    Spells: 8/8 levels left

rFire   . . .        w - +3 hand axe
rCold   . . .        (no shield)
rNeg    . . .        C - +0 scale mail {rPois}
rPois   +            (helmet restricted)
rElec   .            (no cloak)
rCorr   .            (no gloves)
SInv    .            I - +0 pair of boots
Will    .....        (no amulet) Stlth
                     (no ring)
HPRegen 0.37/turn    (no ring)
MPRegen 0.11/turn

%: no passive effects
@: berserking, lethally poisoned (-1 -> -6), very quick
A: horns 2, retaliatory headbutt
a: Renounce Religion, Berserk, Trog's Hand


You were on level 8 of the Dungeon.
You worshipped Trog.
Trog was most pleased with you.
You visited 1 branch of the dungeon, and saw 8 of its levels.
You also visited: Sewer.

You collected 423 gold pieces.

Inventory:

Hand Weapons
 a - a +1 hand axe
 r - a +0 war axe
 u - a +6 scimitar of holy wrath
 w - a +3 hand axe (weapon)
Missiles
 f - 74 stones (quivered)
 s - 2 throwing nets
Armour
 b - a +0 animal skin
 l - a +0 plate armour
 v - a +1 robe of cold resistance
 C - a +0 scale mail of poison resistance (worn)
 I - a +0 pair of boots (worn)
 K - +0 acid dragon scales
Wands
 h - a wand of flame (29)
 A - a wand of iceblast (13)
 J - a wand of charming (20)
Scrolls
 d - a scroll of poison
 i - 2 scrolls of teleportation
 k - 2 scrolls of enchant weapon
 n - a scroll of silence
 p - a scroll of blinking {unknown}
 y - a scroll of acquirement {unknown}
 B - a scroll of noise {unknown}
 E - 3 scrolls of amnesia {unknown}
 F - a scroll of fog {unknown}
 G - a scroll of identify
 H - 3 scrolls of immolation {unknown}
Potions
 c - 3 potions of brilliance
 e - 5 potions of lignification
 g - 3 potions of attraction {unknown}
 j - 7 potions of curing {unknown}
 m - 3 potions of degeneration {unknown}
 o - a potion of might {unknown}
 q - 5 potions of heal wounds {unknown}
 t - a potion of magic {unknown}
 x - 2 potions of haste {unknown}
 z - 3 potions of invisibility {unknown}
 D - a potion of berserk rage


   Skills:
 - Level 4.0 Fighting
 + Level 16.4 Axes
 - Level 2.5 Armour
 - Level 2.3 Dodging


You had 8 spell levels left.
You didn't know any spells.
Your spell library contained the following spells:

 Spells                   Type           Power      Damage    Failure   Level
 Apportation              Tloc           0%         N/A       80%         1
 Necrotise                Necr           0%         1d4       80%         1
 Summon Small Mammal      Summ           0%         N/A       80%         1
 Call Canine Familiar     Summ           0%         N/A       99%         3
 Summon Guardian Golem    Hex/Summ       0%         N/A       99%         3
 Orb of Destruction       Conj           0%         9d5       100%        7
 Spellforged Servitor     Conj/Summ      0%         N/A       100%        7


Dungeon Overview and Level Annotations

Branches:
Dungeon (8/15)             Temple (0/1) D:6           Sewer (visited)
   Lair: D:8-11

Altars:
Ashenzari
Hepliaklqana
Vehumet

Shops:
D:5 *


Innate Abilities, Weirdness & Mutations

You have a pair of horns on your head.
You reflexively headbutt those who attack you in melee.


Message History

The killer bee stings you. x2
You feel sick.
The killer bee stings you but does no damage.
The killer bee barely misses you. You furiously retaliate!
You headbutt the killer bee.
An orc warrior comes into view. It is wielding a +0 battleaxe.
The killer bee stings you but does no damage.
The killer bee stings you.
You see here a killer bee corpse.
You miss the killer bee. You hit the killer bee. You miss the killer bee.
You miss the warg.
You feel sick. The killer bee stings you.
You are more poisoned.
The killer bee poisons you! The killer bee misses you. You furiously retaliate!
You headbutt the killer bee. The killer bee barely misses you.
The warg bites you.
You barely miss the killer bee.
You headbutt the killer bee, but do no damage.
You hit the killer bee. You slash the warg! You closely miss the killer bee.
You feel sick. The killer bee stings you.
The killer bee stings you but does no damage.
The killer bee stings you!
* * * LOW HITPOINT WARNING * * *
The warg bites you!
* * * LOW HITPOINT WARNING * * *
The killer bee barely misses you. You furiously retaliate!
You headbutt the killer bee. The killer bee stings you.
* * * LOW HITPOINT WARNING * * *
The killer bee stings you.
* * * LOW HITPOINT WARNING * * *
An orc wizard comes into view. It is wielding a +0 dagger of draining.
A red film seems to cover your vision as you go berserk!
You feel yourself moving faster!
You feel mighty!
* * * LOW HITPOINT WARNING * * *
You feel sick.
The orc wizard shouts!
The killer bee stings you but does no damage.
The killer bee stings you.
* * * LOW HITPOINT WARNING * * *
The killer bee stings you.
You die...

)#### #..#.....#
....####.#.#...#####.##.
###........#####........
######.### #.......o ##
#.# #...#.o#. .# ##.##
#........ .# #...#
#.o<...# .####
#...######.h....## ....#
#........y@yY....#
.##[###....####.y#..>..#
.##.^.........#.........
........................
###...........#.#.#.##.#
.....##....#.##.#.#... #
####.##.........#.# ##.#
#.##...##.####.# #
#.##...##.# ..


You could see a warg, an orc warrior, a sky beast, 3 killer bees, an orc wizard
and an orc.

Vanquished Creatures
  Pikel (D:6)
  A wyvern (D:7)
  Menkaure (D:6)
  An acid dragon (D:8)
  2 water moccasins
  2 orc warriors
  3 ogres
  2 black bears
  A centaur (D:6)
  3 lemures (D:6)
  A phantom (D:7)
  2 kobold brigands
  2 scorpions
  Blork the orc (D:4)
  2 bullfrogs (D:7)
  8 wights
  3 killer bees (D:8)
  A howler monkey (D:8)
  3 jellies
  2 hounds
  4 orc priests
  An iguana (D:5)
  3 orc wizards
  4 gnolls (D:4)
  6 adders
  A shadow imp (D:8)
  2 white imps
  2 ufetubi
  2 worms
  13 orcs
  3 ball pythons
  5 endoplasms
  A giant cockroach (D:2)
  5 goblins
  11 hobgoblins
  2 jackals (D:2)
  A quokka (D:5)
  6 bats
  A frilled lizard (D:1)
  12 kobolds
  3 rats
130 creatures vanquished.

Notes
Turn   | Place    | Note
-------+----------+-------------------------------------------
     0 | D:1      | Mocha4448 the Minotaur Berserker began the quest for the
                  | Orb.
     0 | D:1      | Reached XP level 1. HP: 19/19 MP: 0/0
    23 | D:1      | You fall into a shaft and drop 1 floor!
   173 | D:2      | Reached skill level 4 in Axes
   173 | D:2      | Reached XP level 2. HP: 27/27 MP: 1/1
   317 | D:2      | Found a hazy altar of Hepliaklqana.
   889 | D:3      | Reached XP level 3. HP: 33/33 MP: 2/2
  1151 | D:3      | Reached ** piety under Trog
  1152 | D:3      | Reached skill level 5 in Axes
  1635 | D:4      | Noticed a black bear
  1644 | D:4      | Killed a black bear
  1645 | D:4      | Reached skill level 6 in Axes
  1645 | D:4      | Reached XP level 4. HP: 40/40 MP: 3/3
  1645 | D:4      | Reached XP level 5. HP: 46/46 MP: 4/4
  1795 | D:4      | Reached skill level 7 in Axes
  2130 | D:4      | Noticed Blork the orc
  2137 | D:4      | Killed Blork the orc
  2374 | D:4      | Noticed an ogre
  2380 | D:4      | Killed an ogre
  2381 | D:4      | Reached skill level 8 in Axes
  2381 | D:4      | Reached XP level 6. HP: 52/52 MP: 5/5
  2487 | D:5      | Entered Level 5 of the Dungeon
  2497 | D:5      | Reached skill level 9 in Axes
  2737 | D:5      | Reached XP level 7. HP: 45/59 MP: 6/6
  3068 | D:5      | Found Nutt's Assorted Antiques.
  3073 | D:5      | Reached skill level 10 in Axes
  3194 | D:5      | Reached *** piety under Trog
  3456 | D:6      | Found a broken altar of Ashenzari.
  3507 | D:6      | Found a staircase to the Ecumenical Temple.
  3534 | D:6      | Found a glowing drain.
  3555 | Sewer    | Entered a sewer
  3597 | Sewer    | Reached skill level 11 in Axes
  4025 | D:6      | Reached XP level 8. HP: 39/66 MP: 7/7
  4449 | D:6      | Noticed Pikel
  4463 | D:6      | Reached skill level 12 in Axes
  4466 | D:6      | Killed Pikel
  4467 | D:6      | Reached skill level 13 in Axes
  4598 | D:6      | Noticed Menkaure
  4607 | D:6      | Killed Menkaure
  4937 | D:7      | Reached skill level 14 in Axes
  4937 | D:7      | Reached XP level 9. HP: 63/71 MP: 8/8
  5129 | D:7      | Reached skill level 15 in Axes
  6092 | D:8      | Found a radiant altar of Vehumet.
  6367 | D:8      | Reached skill level 16 in Axes
  6888 | D:8      | HP: 4/106 [poisoned by a killer bee]
  6888 | D:8      | Slain by a killer bee

Illustrated notes

Levels and vault maps discovered:
D:1:      mrwooster_arrival_statue_2, layout_rooms, minmay_misc_feat_diagonals,
          nicolae_eternal_life
D:2:      layout_basic, basic_altar
D:3:      layout_basic
D:4:      corexii_shack_village, layout_basic, uniq_blork_the_orc
D:5:      layout_rooms, serial_shops, shop, minivault_24, st_stairs_12,
          chequers_serial_rivers_small_a
D:6:      layout_gridville, ashenzari_altar_1, temple_doors_e,
          portal_sewer_entry_d, uniq_pikel, uniq_menkaure
D:7:      layout_loops_ring
D:8:      layout_loops_cross, vehumet_crystals, erik_lair_orcish_takeover

Skill      XL: |  1  2  3  4  5  6  7  8  9 |
---------------+----------------------------+-----
Fighting       | 4 |  4.0
Axes           | 4 6 8 9 11 14 16 | 16.4
Armour         | |  2.5
Dodging        | |  2.3

Action                     |  1- 3 |  4- 6 |  7- 9 || total
---------------------------+-------+-------+-------++-------
  Melee: Hand axe          |    46 |    83 |   220 ||   349
         Headbutt          |     7 |     9 |    33 ||    49
         Punch             |       |     1 |     5 ||     6
  Throw: Stone             |       |       |     5 ||     5
 Invoke: Berserk           |     1 |     3 |     4 ||     8
         Trog's Hand       |       |       |     1 ||     1
    Use: Scroll            |       |     5 |     2 ||     7
 Armour: Animal skin       |     2 |       |       ||     2
         Plate armour      |    11 |    45 |    54 ||   110
         Scale mail        |       |       |    29 ||    29
  Dodge: Dodged            |    33 |    21 |    70 ||   124
